 Dungeon Crawl Stone Soup version 0.19-a0-1468-ge013c26 (webtiles) character file.

164 Goblin1989 the Sneak (level 5, 0/26 HPs)
             Began as a Vine Stalker Assassin on Sept 8, 2016.
             Slain by Blork the orc
             ... wielding a +0 hand axe
              (3 damage)
             ... on level 4 of the Dungeon.
             The game lasted 00:06:25 (1894 turns).

Goblin1989 the Sneak (Vine Stalker Assassin)        Turns: 1894, Time: 00:06:26

Health: 0/26       AC:  4    Str: 13      XL:     5   Next: 45%
Magic:  0/6        EV: 11    Int: 11      God:
Gold:   108        SH:  0    Dex: 16 (17) Spells: 0 memorised, 4 levels left

rFire  . . .     SeeInvis .     a - +2 dagger
rCold  . . .     Gourm    .     c - +0 robe
rNeg   . . .     Faith    .     (no shield)
rPois  .         Spirit   +     w - +0 helmet
rElec  .         Dismiss  .     d - +0 cloak
rCorr  .         Reflect  .     (no gloves)
MR     .....     Harm     .     (no boots)
Stlth  +++.......               (no amulet)
                                (no ring)
                                (no ring)

@: no status effects
A: fangs 2, regeneration 1, magic shield, antimagic bite, no device heal 3, rot
immunity
a: no special abilities


You were on level 4 of the Dungeon.
You were not hungry.

You visited 1 branch of the dungeon, and saw 4 of its levels.

You collected 108 gold pieces.

Inventory:

Hand Weapons
 a - a +2 dagger (weapon)
 b - a +0 blowgun
Missiles
 e - 11 poisoned needles
 f - 4 curare-tipped needles
Armour
 c - a +0 robe (worn)
 d - a +0 cloak (worn)
 w - a +0 helmet (worn)
Wands
 i - a wand of heal wounds (4/9)
 r - a wand of iceblast (4/15)
Scrolls
 h - a scroll of teleportation {unknown}
 m - 5 scrolls of identify {unknown}
 p - a scroll of random uselessness {unknown}
 t - a scroll of enchant armour {unknown}
 u - a scroll of fear {unknown}
 x - a scroll of enchant weapon {unknown}
 y - 2 scrolls of amnesia {unknown}
Potions
 j - 2 potions of curing {unknown}
 k - a potion of cancellation {unknown}
 l - a potion of heal wounds {unknown}
 n - a potion of haste {unknown}
 q - 3 potions of degeneration {unknown}
 s - a potion of brilliance {unknown}
 v - a potion of magic {unknown}
 z - 2 potions of ambrosia {unknown}
 B - a potion of lignification {unknown}
Comestibles
 g - 2 bread rations
 o - 10 fruits


   Skills:
 - Level 1.7 Fighting
 * Level 3.9 Short Blades
 - Level 1.7 Throwing
 - Level 0.7 Dodging
 + Level 6.5 Stealth


You had 4 spell levels left.
You didn't know any spells.

Dungeon Overview and Level Annotations

Branches:
Dungeon (4/15)
 Temple: D:4-7

Altars:

Annotations:
D:4 Blork the orc, Eustachio


Innate Abilities, Weirdness & Mutations

You have extremely sharp teeth.
Your natural rate of healing is unusually fast.
When hurt, damage is shared between your health and your magic reserves.
Your bite disrupts and absorbs the magic of your enemies.
Potions and wands cannot restore your health.
You are immune to rotting.


Message History

The quasit claws you.
* * * LOW HITPOINT WARNING * * *
You feel clumsy. The river rat misses you. The howler monkey hits you.
* * * LOW HITPOINT WARNING * * *
Eustachio mumbles some strange words.
Eustachio blinks!
A jackal comes into view.
You take 2 damage, and have 3/26 hp.
You now have 4/6 mp.
Unknown command.
You barely miss the howler monkey.
The jackal barks!
You bite the howler monkey. You drain its power.
You feel invigorated.
The howler monkey is moderately wounded.
The bat misses you. The quasit barely misses you.
The quasit claws you but does no damage. x2
The river rat barely misses you. The howler monkey barely misses you.
The white imp grins evilly.
Blork the orc hits you with a hand axe!
You die...

.# #.# .## #.# h...
###.####@...
#...........
#....§?.....
##########..5rh5§((..
#..........bh5o.(?...
#)..........5@rr.....
#.........###########
#.........#
#.........#
#.........######
######..:......#
#(##.####.# #. #.# .#
.. #[# .#


You could see Eustachio, Blork the orc, a howler monkey, an iron imp, a quasit,
a crimson imp, 2 river rats, a white imp, 2 jackals, a bat and a rat.

Vanquished Creatures
  Terence (D:3)
  Robin (D:3)
  3 adders
  2 oozes (D:2)
  2 worms (D:2)
  2 dart slugs
  2 giant geckos (D:1)
  5 orcs (D:3)
  4 giant cockroaches (D:2)
  14 goblins
  12 hobgoblins
  A quokka (D:2)
  4 ball pythons
  5 bats
  6 giant newts
  6 kobolds
  6 rats
76 creatures vanquished.

Notes
Turn   | Place    | Note
-------+----------+-------------------------------------------
     0 | D:1      | Goblin1989 the Vine Stalker Assassin began the quest for the Orb.
     0 | D:1      | Reached XP level 1. HP: 11/11 MP: 2/2
    58 | D:1      | Reached skill level 5 in Stealth
    64 | D:1      | Reached XP level 2. HP: 13/15 MP: 3/3
   302 | D:1      | Reached XP level 3. HP: 13/18 MP: 4/4
   764 | D:2      | Gained mutation: Your natural rate of healing is unusually fast. [Vine Stalker growth]
   764 | D:2      | Reached XP level 4. HP: 16/23 MP: 5/5
  1329 | D:3      | Noticed Terence
  1339 | D:3      | Killed Terence
  1339 | D:3      | Reached skill level 6 in Stealth
  1378 | D:3      | Reached XP level 5. HP: 17/26 MP: 2/6
  1646 | D:3      | Noticed Robin
  1675 | D:3      | Killed Robin
  1876 | D:4      | Noticed Eustachio
  1889 | D:4      | Noticed Blork the orc
  1894 | D:4      | Slain by Blork the orc

Vault maps used:
D:1:      elethiomel_arrival_shortcut, corexii_corridor_pit
D:3:      first_bread, uniq_terence, uniq_jessica, uniq_robin
D:4:      uniq_eustachio, uniq_blork_the_orc

Skill      XL: |  1  2  3  4 |
---------------+-------------+-----
Short Blades   | 2 3 |  3.9
Stealth        | 5 6 |  6.5
Fighting       | |  1.7
Throwing       | |  1.7
Dodging        | |  0.7

Action                   |  1- 3 |  4- 6 || total
-------------------------+-------+-------++-------
Melee: Dagger            |    89 |   112 ||   201
       Bite              |    20 |    34 ||    54
 Fire: Blowgun           |       |    16 ||    16
  Use: Scroll            |     1 |     1 ||     2
 Stab: Sleeping          |     7 |     7 ||    14
  Eat: Chunk             |       |     3 ||     3
Armor: Robe              |    21 |    20 ||    41
Dodge: Dodged            |    52 |    70 ||   122
